 Dungeon Crawl Stone Soup version 0.28-a0-1518-gbe868bca14 (webtiles) character file.

Game seed: 14880773902614515812

984 Nattfarinn the Magician (level 8, -3/56 HPs)
             Began as a Djinni Wanderer on Jan 17, 2022.
             Was a Follower of Okawaru.
             Slain by a water moccasin (7 damage)
             ... on level 5 of the Dungeon.
             The game lasted 00:12:12 (7235 turns).

Nattfarinn the Magician (Djinni Wanderer)           Turns: 7235, Time: 00:12:13

Health: -3/56      AC:  2    Str: 10    XL:     8   Next: 40%
Gold:   262        EV: 19    Int: 16    God:    Okawaru [*.....] SH:  5 Dex: 14

rFire   + + .      SeeInvis .   o - +1 short sword (holy)
rCold   x . .      Faith    .   c - +1 buckler
rNeg    . . .      Spirit   .   b - +0 robe
rPois   ∞          Reflect  .   (no helmet)
rElec   .          Harm     .   (no cloak)
rCorr   .          Rampage  .   (no gloves)
Will    .....                   (boots unavailable)
Stlth   ++........              (no amulet)
HPRegen 0.18/turn               l - +4 ring of evasion
MPRegen 0.00/turn               v - +4 ring of evasion

@: about to teleport, flying
A: sickness immunity, fire resistance 2, cold vulnerability 1, float, innate
caster, hp casting, extra vitality 1
a: Renounce Religion, Heroism


You were on level 5 of the Dungeon.
You worshipped Okawaru.
Okawaru was aware of your devotion.
You visited 2 branches of the dungeon, and saw 6 of its levels.

You collected 262 gold pieces.

Inventory:

Hand Weapons
 a - a +0 dagger
 j - a +0 flail of holy wrath
 o - a +1 short sword of holy wrath (weapon)
Armour
 b - a +0 robe (worn)
 c - a +1 buckler (worn)
Jewellery
 l - a +4 ring of evasion (left hand)
 v - a +4 ring of evasion (right hand)
Wands
 i - a wand of paralysis (7)
 p - a wand of iceblast (8)
 r - a wand of digging (6)
 w - a wand of acid (6)
Scrolls
 d - 4 scrolls of identify {unknown}
 e - 2 scrolls of teleportation
 g - a scroll of enchant armour
 h - a scroll of vulnerability {unknown}
 k - a scroll of fear {unknown}
 n - a scroll of amnesia {unknown}
 t - a scroll of blinking {unknown}
 u - a scroll of fog {unknown}
 y - a scroll of immolation {unknown}
Potions
 f - a potion of ambrosia {unknown}
 m - a potion of heal wounds {unknown}
 q - a potion of attraction
 s - a potion of resistance {unknown}
 x - a potion of haste {unknown}


   Skills:
 * Level 3.0 Fighting
 - Level 1.1 Dodging
 - Level 1.0 Stealth
 - Level 2.0 Shields
 - Level 7.1 Spellcasting
 - Level 1.0 Evocations


You had 4 spell levels left.
You knew the following spells:

 Your Spells              Type           Power      Damage    Failure   Level
a - Sting                 Tmut/Pois      100%       1d8       1%          1
b - Mephitic Cloud        Conj/Pois/Air  28%        N/A       2%          3
c - Ignite Poison         Fire/Tmut/Pois 28%        N/A       2%          3
d - Summon Guardian Gole  Hex/Summ       28%        N/A       2%          3
e - Summon Small Mammal   Summ           100%       N/A       1%          1
f - Pain                  Necr           100%       1d9       1%          1
g - Call Imp              Summ           28%        N/A       1%          2
h - Spider Form           Tmut/Pois      28%        N/A       2%          3

Your spell library contained the following spells:

 Spells                   Type           Power      Damage    Failure   Level


Dungeon Overview and Level Annotations

Branches:
Dungeon (5/15)             Temple (1/1) D:4

Altars:
Cheibriados
Dithmenos
Elyvilon
Gozag
Hepliaklqana
Nemelex Xobeh
Okawaru
Qazlal
Ru
Sif Muna
Uskayaw
Xom
The Shining One


Innate Abilities, Weirdness & Mutations

You are immune to sickness and miasma.
You are immune to poison.
Your flesh is very heat resistant. (rF++)
You are vulnerable to cold. (rC-)
You float through the air rather than walking.
You learn spells naturally, not from books.
Your magical power is your life essence.
You have superior vitality. (+4 MHP)


Message History

Okay, then.
Unknown command.
Casting: Ignite Poison (dangerous; 2% risk of failure)
Confirm with . or Enter, or press ? or * to list all spells.
Aiming: Mephitic Cloud (dangerous; 2% risk of failure)
Press: ? - help, Shift-Dir - straight line, f - you The ball explodes into a vile cloud!
The stinking cloud engulfs you but does no damage.
The stinking cloud engulfs the water moccasin but does no damage.
The water moccasin is moderately wounded.
The stinking cloud engulfs the water moccasin but does no damage.
The water moccasin is lightly wounded.
The water moccasin misses you. x2; You block the water moccasin's attack.
Unknown command.
Unknown command.
The water moccasin closely misses you. The water moccasin bites you!
Casting: Mephitic Cloud (dangerous; 2% risk of failure)
Confirm with . or Enter, or press ? or * to list all spells.
You ignite the poison in your surroundings!
The water moccasin bites you.
The water moccasin is engulfed in blazing flames.
The water moccasin bites you!
* * * LOW HITPOINT WARNING * * *
The water moccasin bites you!
* * * LOW HITPOINT WARNING * * *
Okay, then.
As you read the scroll labelled CIYCEH COOGENN, it crumbles to dust.
It is a scroll of enchant armour.
Your +0 buckler glows green for a moment.
The water moccasin is engulfed in blazing flames.
You kill the water moccasin!
Okawaru accepts your kill. You block the water moccasin's attack.
Your Fighting skill gained 2 levels and is now at level 3!
As you read the scroll labelled WUMAUCU ALOD, it crumbles to dust.
You feel strangely unstable.
It was a scroll of teleportation.
A hound comes into view.
The water moccasin bites you!
You die...

. ### .. #.# ... ###.##
.... ####....# .....
##..#....#####
..)...###........#...##
..h.°.°☼°@.....#......#
....°...S......#..#..##
...................###
................##.#.##
............#...##.#..####
####.......###..#........#
#.(....## ##..........#
#...#... #......##...#
#...###..#.(.#


You could see a water moccasin and a hound (wandering).

Vanquished Creatures
  Grinder (D:5)
  A water moccasin (D:5)
  Blork the orc (D:4)
  2 scorpions
  2 hounds
  2 bullfrog zombies (D:5)
  3 orc priests (D:5)
  A bullfrog skeleton (D:5)
  Ijyb (D:5)
  2 iguanas
  A hound zombie (D:5)
  4 adders
  A white imp (D:3)
  3 worms
  5 dart slugs
  8 orcs
  6 ball pythons
  7 endoplasms
  5 giant cockroaches
  9 goblins
  4 hobgoblins
  8 jackals
  4 quokkas
  2 bats
  4 frilled lizards
  12 kobolds
  3 rats
102 creatures vanquished.

Vanquished Creatures (others)
  2 orcs (D:3)
2 creatures vanquished.

Grand Total: 104 creatures vanquished

Notes
Turn   | Place    | Note
-------+----------+-------------------------------------------
     0 | D:1      | Nattfarinn the Djinni Wanderer began the quest for the Orb.
     0 | D:1      | Reached XP level 1. HP: 17/17 MP: 0/0
   198 | D:1      | Reached XP level 2. HP: 20/22 MP: 0/0
   584 | D:1      | Found a faded altar of an unknown god.
   673 | D:1      | Reached skill level 3 in Spellcasting
   916 | D:1      | Reached XP level 3. HP: 19/27 MP: 0/0
   916 | D:1      | Learned a level 1 spell: Pain
  1922 | D:2      | Reached XP level 4. HP: 24/32 MP: 0/0
  2501 | D:2      | Noticed a scorpion
  2510 | D:2      | Killed a scorpion
  2511 | D:2      | Reached skill level 4 in Spellcasting
  2511 | D:2      | Reached XP level 5. HP: 12/37 MP: 0/0
  2511 | D:2      | Learned a level 2 spell: Call Imp
  3763 | D:3      | HP: 1/37 [giant cockroach (2)]
  4324 | D:3      | Reached XP level 6. HP: 17/42 MP: 0/0
  4653 | D:4      | Found a shadowy altar of Dithmenos.
  4653 | D:4      | Found a glowing golden altar of the Shining One.
  4735 | D:4      | Found a staircase to the Ecumenical Temple.
  4739 | D:4      | Noticed Blork the orc
  4745 | D:4      | Killed Blork the orc
  4746 | D:4      | Reached skill level 5 in Spellcasting
  5258 | Temple   | Entered the Ecumenical Temple
  5345 | Temple   | Became a worshipper of Warmaster Okawaru
  5680 | D:4      | Reached XP level 7. HP: 42/47 MP: 0/0
  5680 | D:4      | Learned a level 3 spell: Spider Form
  5722 | D:4      | Found a snail-covered altar of Cheibriados.
  5942 | D:5      | Entered Level 5 of the Dungeon
  5946 | D:5      | Noticed Ijyb
  5954 | D:5      | Killed Ijyb
  5960 | D:5      | Noticed Grinder
  5964 | D:5      | Paralysed by Grinder for 3 turns
  5971 | D:5      | Paralysed by Grinder for 6 turns
  6266 | D:5      | HP: 2/47 [Grinder (2)]
  6269 | D:5      | Reached skill level 6 in Spellcasting
  6269 | D:5      | Killed Grinder
  6614 | D:5      | Found a sparkling altar of Nemelex Xobeh.
  6653 | D:5      | Reached * piety under Okawaru
  6664 | D:5      | Reached XP level 8. HP: 26/52 MP: 0/0
  6945 | D:5      | Reached skill level 7 in Spellcasting
  7235 | D:5      | Slain by a water moccasin

Illustrated notes

Levels and vault maps discovered:
D:1:      elethiomel_arrival_infinity_welcomes_careful_drivers, layout_basic,
          shapermc_ecumenical_altar_venn, minivault_4
D:2:      layout_basic
D:3:      layout_basic
D:4:      layout_basic, kennysheep_slug_shrine,
          chequers_temple_overflow_statue_of_worship,
          minmay_temple_entry_arrows, uniq_blork_the_orc
D:5:      layout_cave_pools, nemelex_xobeh_ov_fountains_minmay, uniq_ijyb,
          uniq_grinder
Temple:   dpeg_three_leaves_temple

Skill      XL: |  1  2  3  4  5  6  7  8 |
---------------+-------------------------+-----
Spellcasting   | 3 4 5 6 7 |  7.1
Fighting       | 3 |  3.0
Dodging        | |  1.1
Stealth        | |  1.0
Shields        | |  2.0
Evocations     | |  1.0

Action                   |  1- 3 |  4- 6 |  7- 9 || total
-------------------------+-------+-------+-------++-------
Melee: Dagger            |     7 |       |       ||     7
       Flail             |       |     1 |       ||     1
       Short sword       |       |    10 |    25 ||    35
 Cast: Sting             |    70 |   102 |     5 ||   177
       Ignite Poison     |       |    13 |    14 ||    27
       Mephitic Cloud    |       |    14 |    15 ||    29
       Summon Guardian G |       |     1 |       ||     1
Evoke: Wand              |       |       |     3 ||     3
  Use: Potion            |       |     1 |     4 ||     5
       Scroll            |       |       |     2 ||     2
Armor: Robe              |     8 |     3 |       ||    11
Dodge: Dodged            |    21 |    40 |    35 ||    96
Block: Buckler           |     8 |    14 |    10 ||    32

Table legend: (Time is in decaauts)
 A = Elapsed time spent in this place.
 B = Non-inter-level travel time spent in this place.
 C = Inter-level travel time spent in this place.
 D = Time resting spent in this place.
 E = Time spent auto-exploring this place.
 F = Levels seen in this place.
 G = Mean time per level.
                   A        B        C        D        E       F      G
               +--------+--------+--------+--------+--------+-----+--------+
         Total |   7258 |   7077 |    181 |   1575 |   4735 |   6 | 1209.7 |
       Dungeon |   7160 |   7010 |    150 |   1575 |   4677 |   5 | 1432.0 |
        Temple |     97 |     66 |     31 |      0 |     58 |   1 |   97.0 |
               +--------+--------+--------+--------+--------+-----+--------+

Top non-repeatable levels by time:
     D:3: 1918 daAuts
     D:4: 1662 daAuts
     D:1: 1641 daAuts
     D:2: 1445 daAuts
     D:5: 492 daAuts
  Temple: 97 daAuts
